 Dungeon Crawl Stone Soup version 0.30-a0-743-gbfdf073431 (webtiles) character file.

Game seed: 3794130116138966391

438406 cheesebisquit the Axe Maniac (level 22, -13/233 HPs)
             Began as a Minotaur Berserker on Feb 5, 2023.
             Was a High Priest of Trog.
             Killed from afar by a tengu reaver (52 damage)
             ... with a bolt of fire
             ... on level 3 of the Depths on Feb 6, 2023.
             The game lasted 02:59:30 (47069 turns).

cheesebisquit the Axe Maniac (Minotaur Berserker)  Turns: 47069, Time: 02:59:30

Health: -13/233    AC: 48    Str: 37    XL:     22   Next: 66%
Magic:  10/10      EV:  9    Int:  7    God:    Trog [*****.]
Gold:   2477       SH: 31    Dex: 13    Spells: 21/21 levels left

rFire   . . .      SeeInvis +    a - +8 broad axe (antimagic)
rCold   . . .      Faith    .    y - +2 tower shield {AC+3}
rNeg    . . .      Spirit   .    g - +8 orange crystal plate armour {Archmagi, Int+3 Clar}
rPois   .          Reflect  +    p - +2 hat
rElec   .          Harm     .    (no cloak)
rCorr   .          Rampage  .    o - +2 pair of gloves
Will    +++..      Archmagi +    n - +0 pair of boots {Fly} Stlth Clarity +
                                 T - amulet of reflection
HPRegen 1.58/turn                A - ring of see invisible
MPRegen 0.12/turn                c - ring of Res Nullius {MP+9 Str+5 Dex+2 Slay+2 Stlth-}

@: strong-willed, on berserk cooldown, flying, regenerating, slowed, studying
Staves, very slow
A: horns 2, retaliatory headbutt
}: 3/15 runes: decaying, serpentine, abyssal
a: Renounce Religion, Berserk, Trog's Hand, Brothers in Arms


You were on level 3 of the Depths.
You worshipped Trog.
Trog was extremely pleased with you.
You visited 8 branches of the dungeon, and saw 40 of its levels.
You visited the Abyss 2 times.
You also visited: Ossuary, Bailey and Ice Cave.

You collected 6722 gold pieces.
You spent 4245 gold pieces at shops.

Inventory:

Hand Weapons
 a - a +8 antimagic broad axe (weapon)
 b - a +4 eveningstar of protection
 D - a +4 heavy executioner's axe
Missiles
 r - 40 poisoned darts (quivered)
 K - 12 boomerangs of dispersal
 M - 19 throwing nets
 O - 11 atropa-tipped darts
 P - 4 silver boomerangs
 W - 2 curare-tipped darts
Armour
 g - the +8 orange crystal plate armour (worn) {Archmagi, Int+3 Clar}
   (You found it on level 2 of the Lair of Beasts)

   Int:       It affects your intelligence (+3).
   Clar:      It protects you against confusion.
 n - a +0 pair of boots of flying (worn)
 o - a +2 pair of gloves (worn)
 p - a +2 hat (worn)
 s - a +0 cloak of stealth
 y - a +2 tower shield of protection (worn)
Jewellery
 c - the ring of Res Nullius (right hand) {MP+9 Str+5 Dex+2 Slay+2 Stlth-}
   (You acquired it on level 2 of the Lair of Beasts)

   [ring of magical power]

   Str:       It affects your strength (+5).
   Dex:       It affects your dexterity (+2).
   Slay:      It affects your accuracy & damage with ranged weapons and melee
   (+2).
   MP:        It affects your magic capacity (+9).
   Stlth:     It makes you less stealthy.
 l - an amulet of faith
 A - a ring of see invisible (left hand)
 T - an amulet of reflection (around neck)
 X - a ring of poison resistance
Wands
 x - a wand of paralysis (60)
 z - a wand of roots (43)
 J - a wand of light (30)
 R - a wand of flame (86)
 S - a wand of mindburst (13)
 U - a wand of digging (8)
Scrolls
 d - 21 scrolls of teleportation
 i - 6 scrolls of fear
 j - a scroll of blinking
 t - 4 scrolls of vulnerability
 v - 8 scrolls of poison
 w - 5 scrolls of fog
 G - 5 scrolls of immolation
 N - a scroll of silence
 Y - 4 scrolls of magic mapping
 Z - 7 scrolls of identify
Potions
 e - 20 potions of curing
 f - 2 potions of magic
 h - 7 potions of lignification
 k - 5 potions of ambrosia
 m - 9 potions of flight
 q - 6 potions of attraction
 u - 3 potions of invisibility
 B - 11 potions of mutation
 C - 4 potions of resistance
 E - 3 potions of berserk rage
 F - 5 potions of might
 H - 7 potions of haste
 V - 2 potions of cancellation
Miscellaneous
 L - a box of beasts
 Q - a phantom mirror


   Skills:
 O Level 27 Fighting
 O Level 27 Axes
 + Level 23.5 Armour
 - Level 2.1 Dodging
 + Level 25.2 Shields


You had 21 spell levels left.
You didn't know any spells.
Your spell library was empty.

Dungeon Overview and Level Annotations

Branches:
Dungeon (15/15)            Temple (0/1) D:6            Lair (5/5) D:10
  Swamp (4/4) Lair:3        Snake (4/4) Lair:2        Slime (0/5) Lair:5
    Orc (2/2) D:10            Elf (3/3) Orc:2        Vaults (4/5) D:14
  Crypt (0/3) Vaults:3     Depths (3/4) D:15        Ossuary (visited)
 Bailey (visited)           IceCv (visited)

Altars:
Qazlal
Sif Muna
Trog
Vehumet
Wu Jian
Xom
Jiyva
Lugonu

Shops:
D:2 ?   Orc:1 =   Orc:2 [(*(   Elf:2 :   Snake:1 [   Snake:2 (   Snake:3 (
Snake:4 :   Vaults:2 :   Vaults:3 (   Depths:1 =

Portals:
Hell: Depths:1 Depths:2
Abyss: Lair:5 Depths:1 Depths:2
Pandemonium: Depths:2
Ziggurat: Depths:1
Trove: D:13 (give +4 shadow dragon scales)

Annotations:
Depths:3 the Enchantress


Innate Abilities, Weirdness & Mutations

You have a pair of horns on your head.
You reflexively headbutt those who attack you in melee.


Message History

Your deep troll shaman barely misses the vampire knight.
Your deep troll shaman claws the vampire knight!
Your cyan ugly thing trunk-slaps the vampire knight!
Your cyan ugly thing shocks the vampire knight!
The vampire knight is destroyed!
Trog accepts your kill.
Trog appreciates your killing of a magic user.
Your deep troll bites the ettin!
Your deep troll claws the ettin! x2
A lance of force appears from out of your range of vision.
The lance of force hits your stone giant!!
You block the ettin's attack. x2; Something bites your deep troll!
Something claws your deep troll!
Your deep troll dies!
Your deep troll's corpse dissolves into shadows!
You barely miss the sphinx. You slash the ettin!
Your cyan very ugly thing completely misses the sphinx.
You block the sphinx's attack. x3
The tengu reaver hits your stone giant with a +1 long sword of flaming!!
The tengu reaver burns your stone giant!
The tengu reaver pecks your stone giant but does no damage.
The tengu reaver claws your stone giant.
Your stone giant closely misses the tengu reaver.
Your deep troll shaman bites the sphinx!
Your deep troll shaman claws the sphinx!! x2
A deep troll earth mage comes into view.
A lance of force appears from out of your range of vision.
The lance of force hits your stone giant!
Your stone giant is knocked back by the lance of force.
Your stone giant collides with the ettin!
The ettin dies!
Your stone giant dies!
Your stone giant's corpse dissolves into shadows!
You barely miss the sphinx.
The sphinx is severely wounded.
The sphinx barely misses you. You block the sphinx's attack. x2
Your cyan very ugly thing barely misses the sphinx.
Your cyan ugly thing trunk-slaps the sphinx!
Your cyan ugly thing shocks the sphinx!
The tengu reaver gestures at you while chanting.
The bolt of fire hits you!!!
You die...

.......#
##......##..
.......#...
###..........
###.........#..
#.##......#.......
#......§Q#§§§....
........§§§§§§...#
###
.......§T§@#....
#...###
....C..§§Hu# ..
#....<#
......#§§uTR.
#...###
.....#§.§§§.#..
##. .............
... #
....H......... ..
......#.#..... .
..##..##......


You could see a sphinx (ally target), a tengu reaver, a rakshasa, a deep troll
earth mage, a friendly cyan very ugly thing (summoned), a friendly cyan ugly
thing (summoned) and a friendly deep troll shaman (summoned, strong).

Vanquished Creatures
  A juggernaut (Abyss:4)
  Mennas (Vaults:4)
  Saint Roka (Orc:2)
  Bai Suzhen (Depths:1)
  the Lernaean hydra (Swamp:4)
  3 caustic shrikes (Depths:2)
  Xtahua (Vaults:2)
  2 bone dragons (Abyss:3)
  Jorgrun (Swamp:3)
  A lich (Depths:1)
  Asterion (Elf:1)
  3 deep elf blademasters
  2 deep elf master archers (Elf:3)
  A quicksilver dragon (Abyss:4)
  6 sphinxes
  A tentacled starspawn (Abyss:3)
  An Executioner (Abyss:4)
  An ancient champion (Vaults:3)
  Gastronok (Lair:3)
  Kirke (D:13)
  The ghost of Kaleas the Brawler, an adept TrBe of Trog (Snake:3)
  A tengu reaver (Vaults:4)
  A storm dragon (Depths:3)
  13 nagarajas
  4 fire giants
  A fenstrider witch (Swamp:4)
  A frost giant (Depths:2)
  3 spectral caustic shrikes (Depths:1)
  6 vault wardens
  4 deep elf sorcerers (Elf:3)
  Aizul (Snake:2)
  Louise (Elf:1)
  A balrug (Depths:2)
  6 deep elf elementalists (Elf:3)
  4 spriggan defenders
  An angel (Abyss:4)
  2 orc warlords (Vaults:4)
  4 stone giants
  2 war gargoyles
  4 vampire knights
  12 ironbound preservers
  A caustic shrike skeleton (Abyss:3)
  A reaper (Depths:2)
  6 ironbound thunderhulks
  15 very ugly things
  2 ophanim (Abyss:4)
  A deep elf demonologist (Elf:3)
  8 eleionomae
  16 dire elephants
  3 bunyips
  11 deep elf annihilators
  6 spark wasps
  A green death (Abyss:3)
  6 ettins
  A crystal guardian (Vaults:3)
  5 deep elf death magi (Elf:3)
  2 jiangshi (Depths:1)
  6 deep elf high priests
  8 yaktaur captains
  7 great orbs of eyes
  4 fire dragons
  A shambling mangrove (Swamp:2)
  5 ice dragons
  3 rakshasas
  3 vault guards (Vaults:2)
  2 ghost crabs
  Erica (Lair:2)
  A hell beast (Depths:2)
  A peacekeeper (Vaults:3)
  3 ironbound frosthearts (Vaults:1)
  7 centaur warriors
  3 salamander tyrants
  2 spriggan air magi (Depths:3)
  2 ogre magi
  5 anacondas
  26 hydras
  12 alligators
  31 dancing weapons
  19 naga warriors
  2 death knights
  3 boulder beetles
  3 tengu warriors
  5 thrashing horrors
  8 two-headed ogres
  4 deep troll earth magi
  13 naga sharpshooters
  2 vampire magi
  3 hell knights (Depths:1)
  8 shock serpents
  A storm dragon zombie (Depths:2)
  2 spriggan berserkers
  An orc high priest (Orc:1)
  17 deep elf knights
  Amaemon (Lair:3)
  A skeletal warrior (Vaults:3)
  4 goliath frogs
  3 salamander mystics
  2 iron trolls (Depths:2)
  A wretched star (Abyss:3)
  44 deep trolls
  A golden dragon zombie (Vaults:2)
  A sixfirhy (D:9)
  5 glowing orange brains
  2 sea snakes (Snake:4)
  5 naga ritualists
  2 flayed ghosts
  2 cherubim (Abyss:4)
  A spriggan druid (Swamp:3)
  A large abomination (Abyss:4)
  12 swamp dragons
  9 wizards
  6 bog bodies
  8 orc knights
  8 necromancers
  8 lindwurms
  A tengu zombie (Vaults:3)
  15 deep elf archers
  2 phantasmal warriors
  A sphinx zombie (Vaults:3)
  A golden dragon skeleton (Depths:2)
  6 harpies
  25 deep elf zephyrmancers
  A frost giant zombie (Vaults:3)
  18 ironbound convokers
  A tengu skeleton (Depths:2)
  29 deep elf pyromancers
  A human zombie (Vaults:3)
  A stone giant zombie (Abyss:3)
  An orc sorcerer (Orc:2)
  A sphinx skeleton (Depths:2)
  2 fire giant zombies
  28 ugly things
  5 cyclopes
  8 mana vipers
  An oklob plant (Lair:3)
  25 salamanders
  2 will-o-the-wisps (Swamp:3)
  5 manticores
  An iron dragon zombie (Depths:2)
  A water nymph (shapeshifter) (D:15)
  Maurice (Orc:1)
  A fire giant skeleton (Vaults:4)
  8 guardian serpents
  40 black mambas
  17 vault sentinels
  17 cane toads
  2 frost giant skeletons (Depths:2)
  A black mamba (shapeshifter) (Vaults:4)
  A gargoyle (D:11)
  A torpor snail (shapeshifter) (Depths:1)
  An orange demon (Lair:3)
  12 naga magi
  An ice statue (IceCv)
  4 smoke demons
  2 rime drakes (Lair:3)
  2 unseen horrors
  37 yaktaurs
  4 freezing wraiths
  4 efreet
  4 komodo dragons
  A human skeleton (Vaults:4)
  3 tengu conjurers
  An anaconda simulacrum (IceCv)
  3 ancient zymes
  6 hornets
  4 trolls
  5 polar bears
  12 tyrant leeches
  The ghost of GiantSquids the Shooter, an amateur BaHu (D:4)
  A raiju (Abyss:3)
  A wind drake (shapeshifter) (Elf:2)
  45 blink frogs
  A spriggan zombie (Depths:2)
  Prince Ribbit (D:6)
  A frost giant simulacrum (Vaults:4)
  10 air elementals
  53 slime creatures
  7 spriggans
  Sigmund (D:6)
  5 shadows
  A vampire (D:11)
  4 water elementals
  59 yaks
  3 ynoxinuls (Lair:5)
  2 wraiths
  2 wyverns
  A dire elephant simulacrum (IceCv)
  Eustachio (D:4)
  6 basilisks
  7 hogs (D:13)
  A steam dragon (Lair:3)
  5 fire elementals
  A death yak simulacrum (IceCv)
  A neqoxec (Elf:3)
  3 chaos spawn
  Menkaure (D:7)
  16 swamp worms
  15 vampire mosquitoes
  A hydra simulacrum (IceCv)
  5 wargs
  A harpy simulacrum (IceCv)
  35 nagas
  2 acid dragons
  Duvessa (D:6)
  17 water moccasins
  39 orc warriors
  10 swamp drakes
  3 black bears
  A floating eye (Depths:1)
  A sky beast (D:7)
  A glowing shapeshifter skeleton (Vaults:2)
  8 ogres
  13 small abominations
  7 boggarts
  39 wolves
  18 centaurs
  A phantom (D:6)
  3 kobold brigands
  Blork the orc (D:6)
  10 bullfrogs
  3 two-headed ogre simulacra (IceCv)
  10 gnoll sergeants
  A necrophage (D:6)
  4 earth elementals
  4 water moccasin zombies (Ossuary)
  9 scorpions
  Dowan (D:6)
  A human simulacrum (Vaults:2)
  5 killer bees (D:9)
  4 elephant simulacra (IceCv)
  3 electric eels
  A howler monkey (D:7)
  A crimson imp (Abyss:3)
  3 quasits (D:4)
  3 jellies
  5 hounds
  23 orc priests
  6 gnoll boudas (Bailey)
  Crazy Yiuf (D:2)
  6 iguanas
  33 orc wizards
  5 hell rats (Lair:5)
  7 troll simulacra
  4 polar bear simulacra (IceCv)
  3 spriggan simulacra (IceCv)
  4 wolf simulacra (IceCv)
  2 mummies (Ossuary)
  32 gnolls
  7 naga simulacra (IceCv)
  9 adders
  2 shadow imps
  6 white imps (IceCv)
  11 ufetubi
  5 adder zombies (Ossuary)
  2 worms (D:2)
  3 dart slugs
  112 orcs
  11 bats
  7 endoplasms
  2 giant cockroaches
  3 gnoll zombies (Ossuary)
  15 goblins
  10 hobgoblins
  3 jackals (D:1)
  19 kobolds
  3 quokkas
  5 ball pythons
  5 frilled lizards
  4 hobgoblin zombies (Ossuary)
  4 kobold zombies (Ossuary)
  7 orc zombies (Ossuary)
  6 rats
1835 creatures vanquished.

Vanquished Creatures (collateral kills)
  A vampire knight (Depths:3)
  An iron troll (Depths:3)
2 creatures vanquished.

Vanquished Creatures (others)
  An ettin (Depths:3)
  2 deep elf knights
  A goliath frog (Swamp:2)
  A wizard (Depths:1)
  2 bloated husks
  8 foxfires (Swamp:3)
  16 fungi
  15 plants
  2 starspawn tentacles (Abyss:3)
48 creatures vanquished.

Grand Total: 1885 creatures vanquished

Notes
Turn   | Place    | Note
-------+----------+-------------------------------------------
     0 | D:1      | cheesebisquit the Minotaur Berserker began the quest for
                  | the Orb.
     0 | D:1      | Reached XP level 1. HP: 19/19 MP: 0/0
   111 | D:1      | Reached XP level 2. HP: 19/26 MP: 1/1
   451 | D:1      | Reached skill level 5 in Axes
   549 | D:1      | Reached XP level 3. HP: 31/31 MP: 2/2
   812 | D:2      | Identified the +4 sling of the Glamorous God {drain, rF+
                  | Dex+3}
   863 | D:2      | Reached ** piety under Trog
  1083 | D:2      | Found a runed translucent door.
  1084 | D:2      | Noticed Crazy Yiuf
  1119 | D:2      | Found Ixauvedd's Magic Scroll Shop.
  1127 | D:2      | Bought a scroll of identify for 22 gold pieces
  1127 | D:2      | Bought a scroll of identify for 22 gold pieces
  1127 | D:2      | Bought a scroll of blinking for 82 gold pieces
  1127 | D:2      | Bought a scroll of noise for 11 gold pieces
  1544 | D:2      | Killed Crazy Yiuf
  1545 | D:2      | Reached XP level 4. HP: 34/39 MP: 3/3
  1687 | D:3      | Noticed an ogre
  1695 | D:3      | Killed an ogre
  1696 | D:3      | Reached XP level 5. HP: 45/45 MP: 4/4
  2518 | D:3      | Reached *** piety under Trog
  2683 | D:4      | Noticed Eustachio
  2687 | D:4      | Reached XP level 6. HP: 51/51 MP: 5/5
  2705 | D:4      | Killed Eustachio
  2758 | D:4      | Found a transporter.
  2797 | D:4      | Reached skill level 1 in Shields
  2797 | D:4      | Reached XP level 7. HP: 52/59 MP: 6/6
  3204 | D:4      | Found a transporter.
  3222 | D:4      | Noticed GiantSquids's ghost (amateur BaHu)
  3414 | D:5      | Entered Level 5 of the Dungeon
  3574 | D:5      | Reached skill level 10 in Axes
  3796 | D:5      | Reached XP level 8. HP: 65/67 MP: 7/7
  3802 | D:5      | Reached skill level 5 in Fighting
  3927 | D:5      | Reached **** piety under Trog
  5248 | D:6      | Reached skill level 5 in Armour
  5415 | D:6      | Found a staircase to the Ecumenical Temple.
  5431 | D:6      | Noticed Prince Ribbit
  5441 | D:6      | Killed Prince Ribbit
  5442 | D:6      | Reached XP level 9. HP: 75/75 MP: 8/8
  5484 | D:6      | Noticed Dowan
  5485 | D:6      | Noticed Duvessa
  5493 | D:6      | Killed Dowan
  5500 | D:6      | Killed Duvessa
  5501 | D:6      | Reached skill level 5 in Shields
  5679 | D:6      | Noticed Blork the orc
  5688 | D:6      | Killed Blork the orc
  5978 | D:6      | Noticed Sigmund
  5990 | D:6      | Killed Sigmund
  6191 | D:7      | Noticed Menkaure
  6194 | D:7      | Found a sand-covered staircase.
  6199 | D:7      | Killed Menkaure
  6222 | Ossuary  | Entered an ossuary
  6837 | D:7      | Found a flagged portal.
  6843 | Bailey   | Entered a bailey
  6924 | Bailey   | Reached XP level 10. HP: 62/86 MP: 9/9
  7161 | Bailey   | Identified the +1 chain mail of Miracles {rF++}
  7619 | D:8      | Identified the +4 ring mail "Faoxul" {rC- Str+3 Int+6 SInv}
  8165 | D:9      | Found a shimmering altar of Xom.
  8165 | D:9      | Found a shimmering altar of Xom.
  8166 | D:9      | Found a shimmering altar of Xom.
  8166 | D:9      | Found a shimmering altar of Xom.
  8166 | D:9      | Found a shimmering altar of Xom.
  8166 | D:9      | Found a shimmering altar of Xom.
  8168 | D:9      | Found a shimmering altar of Xom.
  8168 | D:9      | Found a shimmering altar of Xom.
  8393 | D:9      | Found a runed translucent door.
  8393 | D:9      | Noticed a sixfirhy
  8751 | D:10     | Entered Level 10 of the Dungeon
  8753 | D:10     | Found a transporter.
  8755 | D:10     | Found a transporter.
  8772 | D:10     | Found a transporter.
  8779 | D:10     | Found a transporter.
  8805 | D:10     | Found a transporter.
  8822 | D:10     | Found a transporter.
  8826 | D:10     | Reached XP level 11. HP: 97/97 MP: 10/10
  8940 | D:10     | Found a staircase to the Orcish Mines.
  8943 | D:10     | Found a stormy altar of Qazlal.
  8982 | D:10     | Reached skill level 10 in Shields
  9013 | D:10     | Found a staircase to the Lair.
  9240 | D:10     | Noticed a two-headed ogre
  9249 | D:10     | Killed a two-headed ogre
  9253 | D:10     | Reached skill level 15 in Axes
  9320 | D:10     | Found a radiant altar of Vehumet.
  9674 | D:11     | Noticed a two-headed ogre
  9683 | D:11     | Killed a two-headed ogre
  9913 | D:11     | Found a frozen archway.
  9929 | IceCv    | Entered an ice cave
 10036 | IceCv    | Reached skill level 10 in Fighting
 10039 | IceCv    | Identified the +8 spear of Honour {drain, rElec rF+ rCorr
                  | Dex-4}
 10530 | IceCv    | Reached ***** piety under Trog
 10791 | IceCv    | Noticed a bog body
 10792 | IceCv    | Noticed a bog body
 10799 | IceCv    | Killed a bog body
 10807 | IceCv    | Reached skill level 10 in Armour
 10810 | IceCv    | Killed a bog body
 10862 | IceCv    | Identified the +3 helmet of the Little Devil {rN+ Str+3}
 11130 | D:2      | Bought a scroll of identify for 22 gold pieces
 11130 | D:2      | Bought a scroll of poison for 44 gold pieces
 11584 | D:12     | Noticed a centaur warrior
 11590 | D:12     | Killed a centaur warrior
 11591 | D:12     | Reached XP level 12. HP: 102/107 MP: 11/11
 11697 | D:12     | Noticed a boulder beetle
 11708 | D:12     | Killed a boulder beetle
 13241 | D:4      | Killed GiantSquids's ghost
 13671 | Lair:1   | Entered Level 1 of the Lair of Beasts
 13701 | Lair:1   | Identified the +7 long sword "Quuc" {heavy, rElec rN+}
 14698 | Lair:2   | Reached XP level 13. HP: 115/117 MP: 12/12
 14767 | Lair:2   | Found a staircase to the Snake Pit.
 15107 | Lair:2   | Identified a scroll of acquirement
 15108 | Lair:2   | Acquired the ring of Res Nullius {MP+9 Str+5 Dex+2 Slay+2
                  | Stlth-}
 15282 | Lair:2   | Reached skill level 15 in Shields
 15344 | Lair:2   | Found the +8 orange crystal plate armour {Archmagi, Int+3
                  | Clar}
 15352 | Lair:2   | Noticed Erica
 15363 | Lair:2   | Killed Erica
 15679 | Lair:3   | Found a staircase to the Swamp.
 16200 | Lair:3   | Noticed Gastronok
 16212 | Lair:3   | Killed Gastronok
 16284 | Lair:3   | Noticed Amaemon
 16293 | Lair:3   | Killed Amaemon
 16812 | Lair:4   | Reached XP level 14. HP: 129/129 MP: 13/13
 17563 | Lair:5   | Entered Level 5 of the Lair of Beasts
 17908 | Lair:5   | Found a viscous altar of Jiyva.
 17908 | Lair:5   | Found a staircase to the Slime Pits.
 18130 | Lair:5   | Received a gift from Trog
 19312 | Lair:5   | Found a corrupted altar of Lugonu.
 19312 | Lair:5   | Found a one-way gate to the infinite horrors of the Abyss.
 19634 | Orc:1    | Entered Level 1 of the Orcish Mines
 19758 | Orc:1    | Noticed Maurice
 19793 | Orc:1    | Killed Maurice
 19864 | Orc:1    | Found Bed Jete's Jewellery Emporium.
 20038 | Orc:2    | Entered Level 2 of the Orcish Mines
 20215 | Orc:2    | Found a staircase to the Elven Halls.
 20248 | Orc:2    | Found a radiant altar of Vehumet.
 20288 | Orc:2    | Received a gift from Trog
 20418 | Orc:2    | Noticed Saint Roka
 20457 | Orc:2    | Killed Saint Roka
 20635 | Orc:2    | Found Yghahi's Antique Armour Boutique.
 20637 | Orc:2    | Found Fon Cyteci's Antique Weapon Shop.
 20813 | Orc:2    | Found Orea's General Store.
 20869 | Orc:2    | Found Goneij's Antique Weapon Shoppe.
 20928 | Orc:2    | Received a gift from Trog
 20956 | Orc:2    | Reached XP level 15. HP: 136/139 MP: 7/14
 21139 | Orc:2    | Bought a runed war axe for 208 gold pieces
 21146 | Orc:2    | Bought a shiny plate armour for 806 gold pieces
 21421 | D:13     | Noticed Kirke
 21433 | D:13     | Killed Kirke
 21462 | D:13     | Found a bloodstained altar of Trog.
 21646 | D:13     | Found a portal to a secret trove of treasure.
 21913 | D:14     | Acquired a +4 heavy executioner's axe
 22218 | D:14     | Found a gate to the Vaults.
 22681 | D:15     | Entered Level 15 of the Dungeon
 22704 | D:15     | Reached skill level 15 in Fighting
 22741 | D:15     | Found a staircase to the Depths.
 22970 | D:15     | Reached skill level 15 in Armour
 23143 | Abyss:3  | Cast into level 3 of the Abyss (a wizard)
 23154 | Abyss:3  | Found a corrupted altar of Lugonu.
 23166 | Abyss:3  | Found a corrupted altar of Lugonu.
 23343 | Abyss:3  | Noticed a tentacled starspawn
 23345 | Abyss:3  | Noticed a bone dragon
 23351 | Abyss:3  | Killed a tentacled starspawn
 23365 | Abyss:3  | Killed a bone dragon
 23386 | Abyss:3  | Noticed a bone dragon
 23403 | Abyss:3  | Killed a bone dragon
 23434 | D:15     | Escaped the Abyss
 23509 | D:15     | Reached XP level 16. HP: 149/149 MP: 8/15
 23975 | Snake:1  | Entered Level 1 of the Snake Pit
 24663 | Snake:1  | Found Ifacumn's Armour Emporium.
 24692 | Snake:1  | Identified the +1 ring mail of Sunlight {Fly rN+++ Slay-5
                  | Stlth-}
 24736 | Snake:1  | Received a gift from Trog
 25193 | Snake:2  | Noticed Aizul
 25210 | Snake:2  | Killed Aizul
 25506 | Snake:2  | Found Lofukh's Firing Range.
 25523 | Snake:2  | Bought 6 boomerangs of dispersal for 612 gold pieces
 25523 | Snake:2  | Bought 4 silver boomerangs for 408 gold pieces
 25523 | Snake:2  | Bought a throwing net for 51 gold pieces
 25523 | Snake:2  | Bought a throwing net for 51 gold pieces
 25523 | Snake:2  | Bought a throwing net for 51 gold pieces
 26314 | Snake:3  | Found Kinuk's Antique Weapon Boutique.
 26854 | Snake:3  | Found a runed translucent gate.
 26855 | Snake:3  | Found a runed translucent gate.
 26856 | Snake:3  | Found a runed translucent gate.
 26858 | Snake:3  | Noticed Kaleas's ghost (adept TrBe)
 26972 | Snake:3  | Killed Kaleas's ghost
 27004 | Snake:4  | Entered Level 4 of the Snake Pit
 27095 | Snake:4  | Received a gift from Trog
 27099 | Snake:4  | Reached XP level 17. HP: 27/160 MP: 8/16
 27475 | Snake:4  | Got a serpentine rune of Zot
 27830 | Snake:4  | Received a gift from Trog
 28257 | Snake:4  | Found Dizoanotz's Book Shoppe.
 28269 | Snake:4  | Bought a manual of Fighting for 1280 gold pieces
 28359 | Snake:4  | Found an ornate altar of the Wu Jian Council.
 29014 | Swamp:1  | Entered Level 1 of the Swamp
 29405 | Swamp:1  | Identified the +0 glaive "Murmur" {flame, rF+ Int+2}
 29995 | Swamp:2  | Identified the +12 great sword of Beogh's Delight {flame,
                  | Drain rElec Dex-3 Stlth+}
 30224 | Swamp:3  | Reached XP level 18. HP: 172/172 MP: 8/17
 30421 | Swamp:3  | Noticed Jorgrun
 30434 | Swamp:3  | Killed Jorgrun
 30945 | Swamp:4  | Entered Level 4 of the Swamp
 30963 | Swamp:4  | Paralysed by a fenstrider witch for 3 turns
 31334 | Swamp:4  | Noticed the 27-headed Lernaean hydra
 31893 | Swamp:4  | Killed the 27-headed Lernaean hydra
 32709 | Swamp:4  | Got a decaying rune of Zot
 33234 | Vaults:1 | Entered Level 1 of the Vaults
 33596 | Vaults:1 | Received a gift from Trog
 34117 | Vaults:1 | Reached XP level 19. HP: 185/185 MP: 9/18
 34913 | Vaults:2 | Received a gift from Trog
 35199 | Vaults:2 | Identified the +6 long sword of the Freezing King {freeze,
                  | rCorr}
 35387 | Vaults:2 | Noticed Xtahua
 35394 | Vaults:2 | Killed Xtahua
 35447 | Vaults:2 | Reached skill level 27 in Axes
 35675 | Vaults:2 | Found Afaelo Supi's Book Emporium.
 36251 | Vaults:3 | Found Adol's Weapon Shoppe.
 36258 | Vaults:3 | Bought a throwing net for 36 gold pieces
 36477 | Orc:2    | Bought a potion of invisibility for 128 gold pieces
 36477 | Orc:2    | Bought a scroll of poison for 64 gold pieces
 36477 | Orc:2    | Bought a scroll of identify for 32 gold pieces
 36930 | Vaults:3 | Paralysed by a great orb of eyes for 3 turns
 37222 | Vaults:3 | Received a gift from Trog
 37313 | Vaults:3 | Found a staircase to the Crypt.
 37719 | Vaults:3 | Reached XP level 20. HP: 154/202 MP: 9/19
 38576 | Vaults:4 | Noticed Mennas
 38599 | Vaults:4 | Killed Mennas
 39016 | Vaults:4 | Received a gift from Trog
 40117 | Elf:1    | Entered Level 1 of the Elven Halls
 40130 | Elf:1    | Received a gift from Trog
 40158 | Elf:1    | Paralysed by an air elemental for 1 turns
 40160 | Elf:1    | Paralysed by an air elemental for 1 turns
 40162 | Elf:1    | Noticed Louise
 40184 | Elf:1    | Killed Louise
 40336 | Elf:1    | Paralysed by an air elemental for 1 turns
 40600 | Elf:1    | Noticed Asterion
 40614 | Elf:1    | Killed Asterion
 41237 | Elf:2    | Paralysed by an air elemental for 1 turns
 41242 | Elf:2    | Paralysed by an air elemental for 1 turns
 41370 | Elf:2    | Reached XP level 21. HP: 214/214 MP: 9/20
 41541 | Elf:2    | Paralysed by an air elemental for 1 turns
 41543 | Elf:2    | Paralysed by an air elemental for 1 turns
 41682 | Elf:2    | Paralysed by an air elemental for 1 turns
 41862 | Elf:2    | Found a huge runed translucent gate.
 41863 | Elf:2    | Found a huge runed translucent gate.
 41865 | Elf:2    | Found a huge runed translucent gate.
 41866 | Elf:2    | Found a huge runed translucent gate.
 41867 | Elf:2    | Found a huge runed translucent gate.
 42289 | Elf:2    | Paralysed by an air elemental for 1 turns
 42330 | Elf:2    | Found Worr's Book Shoppe.
 42393 | Elf:2    | Paralysed by an air elemental for 1 turns
 42397 | Elf:2    | Paralysed by an air elemental for 1 turns
 42531 | Elf:3    | Entered Level 3 of the Elven Halls
 42623 | Elf:3    | Reached ****** piety under Trog
 42754 | Elf:3    | Paralysed by an air elemental for 1 turns
 43450 | Elf:3    | Received a gift from Trog
 43851 | Abyss:3  | Found a corrupted altar of Lugonu.
 43851 | Abyss:3  | Cast into level 3 of the Abyss (a deep elf demonologist)
 43915 | Abyss:4  | Noticed a juggernaut
 43923 | Abyss:4  | Killed a juggernaut
 43953 | Abyss:4  | Got an abyssal rune of Zot
 43963 | Abyss:4  | Found a glowing golden altar of the Shining One.
 44071 | Elf:3    | Escaped the Abyss
 44177 | Elf:3    | Identified the +3 double sword of Puesop {elec, Str+4
                  | Dex+2}
 44209 | Elf:3    | Identified the +4 triple sword of Bodily Harmony {vamp,
                  | Str+2}
 44280 | Elf:3    | Identified the +7 war axe of Qakhlol {flame, Dex+2}
 44300 | Elf:3    | Identified the +3 steam dragon scales of Action {Will+
                  | Regen+ Str+2}
 44948 | Depths:1 | Entered Level 1 of the Depths
 44972 | Depths:1 | Received a gift from Trog
 45020 | Depths:1 | Found a one-way gateway to a ziggurat.
 45034 | Depths:1 | Noticed Bai Suzhen
 45043 | Depths:1 | Paralysed by a floating eye for 4 turns
 45076 | Depths:1 | Killed Bai Suzhen
 45256 | Depths:1 | Reached XP level 22. HP: 220/226 MP: 10/21
 45420 | Depths:1 | Found a gateway to Hell.
 45663 | Depths:1 | Found Wen Gitz's Jewellery Shoppe.
 45731 | Depths:1 | Bought a ring of see invisible for 315 gold pieces
 45756 | Depths:1 | Found a shimmering blue altar of Sif Muna.
 46402 | Depths:2 | Noticed a caustic shrike
 46403 | Depths:2 | Noticed a caustic shrike
 46405 | Depths:2 | Noticed a caustic shrike
 46411 | Depths:2 | Killed a caustic shrike
 46414 | Depths:2 | Killed a caustic shrike
 46416 | Depths:2 | Killed a caustic shrike
 46521 | Depths:2 | Reached skill level 27 in Fighting
 46605 | Depths:2 | Found a one-way gate leading to the halls of Pandemonium.
 47009 | Depths:3 | Noticed the Enchantress
 47069 | Depths:3 | Killed from afar by a tengu reaver

Illustrated notes

Levels and vault maps discovered:
D:1:      dpeg_arrival_subterranean_lakeside_camping, layout_basic
D:2:      layout_basic, serial_shops, shop, minmay_quadrilaterals,
          uniq_crazy_yiuf_cottage
D:3:      corexii_shack_village, layout_loops_corners, minmay_misc_feat_x
D:4:      layout_loops_ring, gammafunk_ghost_stat_death,
          corexii_item_surrounded_by_moat, uniq_eustachio
D:5:      layout_cave_pods, serial_park_tiny_2, cheibrodos_gnoll_hut
D:6:      layout_basic, minmay_temple_entry_offerings, uniq_duvessa,
          uniq_blork_the_orc, uniq_sigmund, uniq_prince_ribbit1
D:7:      layout_rooms, enter_ossuary_1, serial_aquarium,
          aquarium_bridge_straight [aquarium_subvault_bridge,
          aquarium_subvault_wall, aquarium_subvault_bridge,
          aquarium_subvault_wall], aquarium_window_corridor_2,
          aquarium_window_2, aquarium_window_fake, aquarium_view_2b,
          aquarium_balcony_double_2, aquarium_pool_five, enter_bailey_3,
          uniq_menkaure
D:8:      layout_rooms, corner_web_ring, minmay_bent
D:9:      cheibrodos_shockbox, layout_basic, xom_shifter_show
D:10:     layout_irregular_city, lemuel_crystal_altar,
          nicolae_vehumet_altar_sigil, lair_entry_dummy, erik_orc_4,
          serial_nicolae_subway, nicolae_sub_station_stone,
          nicolae_sub_station_metal, nicolae_sub_station_crystal
D:11:     layout_long_grid, portal_ice_cave_entry_ice_simulacra
D:12:     layout_basic
D:13:     layout_rooms, nicolae_trove_entry_diagonal, trog_hazing_becter,
          uniq_kirke
D:14:     layout_loops_cross, hangedman_vaults_entry_quadrant_bands
D:15:     gammafunk_enter_depths_forms, layout_loops_ring,
          hangedman_decor_opposing
Lair:1:   layout_cave_pods, lemuel_fruit_fields
Lair:2:   layout_chaotic_city, nicolae_snake_entry_squirm,
          chequers_serial_rivers_micro_e, grunt_forest_large_clearings,
          serial_bayou_shore_b, uniq_erica
Lair:3:   layout_misc_corridors, swamp_mist_pool, minmay_lair_oklob_items,
          st_stairs_4, cheibrodos_lair_reptile_den, uniq_amaemon, uniq_gastronok
Lair:4:   layout_layer_cave
Lair:5:   hellmonk_lair_end_abyssal_woods, layout_gridlike,
          dpeg_slime_entry_enclosed, grunt_megastairs_3
Swamp:1:  layout_basic_swamp, evilmike_swamp_ruin_house_1, swamp_pool5
Swamp:2:  layout_basic_swamp, evilmike_swamp_ruin_rubble_2
Swamp:3:  layout_falls_marsh, serial_swamp_ruin, evilmike_swamp_ruin_rubble_1,
          evilmike_swamp_ruin_house_5, evilmike_swamp_ruin_wall, uniq_jorgrun
Swamp:4:  swamp_old_school, layout_basic_swamp, swamp_pool4,
          infiniplex_staircase_pool_2
Snake:1:  layout_onion, serial_shops, shop
Snake:2:  layout_cave_town, st_stairs_6, nicolae_shop_firing_range, uniq_aizul
Snake:3:  layout_grid_shapes, serial_shops, shop, ebering_ghost_rock_garden
Snake:4:  grunt_snake_rune_spirals, layout_onion, serial_shops,
          nicolae_shop_advertising_works [nicolae_subvault_shop_adworks],
          basic_altar, nicolae_snake_bzzzt, uniq_saint_roka
Orc:1:    layout_caves, serial_shops, nicolae_diamond_shop, uniq_maurice
Orc:2:    grunt_orc_community_town_hall, layout_diamond_mine,
          grunt_orc_community_big_house_1, grunt_orc_community_big_house_2,
          grunt_orc_community_house_1, grunt_orc_community_house_3,
          grunt_orc_community_house_3, grunt_orc_community_house_3, basic_altar,
          mines_bat_river
Elf:1:    eino_elf_arrival_shootout, layout_loops_cross,
          kennysheep_underground_church, dreamdust_wishing_well, drop_trap,
          uniq_asterion, uniq_louise
Elf:2:    elven_hall_of_blades_hangedman_alternative
          [nicolae_blade_entry_sentries_behind_glass], layout_geoelf_grid,
          serial_shops, shop, amethyst_killhole, st_stairs_3
Elf:3:    minmay_elf_hall_spiked, layout_geoelf_castle
Vaults:1: nicolae_vaults_network_square, vaults_dpeg_diagonal, vaults_room_pool,
          ontoclasm_vaults_ligature, hangedman_vaults_stretched_pinwheel,
          v_misc_12, nicolae_vaults_circle_grid_a, vaults_mumra_hex,
          st_more_cells, vaults_dpeg_hooks, nicolae_vaults_shelves_hall,
          vaults_dpeg_emergency_exit, nicolae_vaults_asterisk, v_misc_17,
          hangedman_vaults_cutoff, vaults_room_pools, layout_vaults_ring
Vaults:2: hangedman_vaults_trim, vaults_room_hangedman_quadrants,
          ontoclasm_vaults_gateway, v_misc_11, hangedman_vaults_variations,
          hangedman_vaults_trim, nicolae_vaults_puzzle_piece,
          nicolae_vaults_ninety_degrees, layout_vaults_maze_snakey,
          serial_shops, nicolae_shop_waterfront, uniq_xtahua
Vaults:3: vaults_room_hallway, nicolae_vaults_circle_grid_a,
          minmay_crypt_entry_simple_walls, hangedman_vaults_stream, v_misc_19,
          ontoclasm_vaults_eye, vaults_room_stairs_pillars, v_misc_19,
          nicolae_vaults_ring_of_whatevers, layout_vaults_omnigrid,
          serial_shops, nicolae_shop_bloodbath_and_beyond
Vaults:4: nicolae_vaults_network_barrier, v_misc_12, nicolae_vaults_big_ls,
          hangedman_vaults_hat, nicolae_vaults_know_your_exits, v_pattern_2,
          hangedman_vaults_cutoff, ontoclasm_vaults_idyll,
          nicolae_vaults_shelves_hall, ontoclasm_vaults_fault,
          ontoclasm_vaults_decontamination, vaults_dpeg_ring,
          nicolae_vaults_little_squares_1, layout_vaults_omnicross, uniq_mennas
Depths:1: layout_gridville, enter_ziggurat_d, hangedman_abyss_entry_splay,
          pf_hell_entry_tar_river, skrybe_limestone_x, tgw_sif,
          minmay_shop_star, uniq_bai_suzhen
Depths:2: dreamdust_cat_pyramid, layout_long_grid, abyss_entry_glasseish,
          pan_entry, amcnicky_mini_pool_small, grunt_mini_vestibule,
          grunt_decor_arrowhead, infiniplex_staircase_zigzag_1
Depths:3: minmay_the_grid_four_pointed_star_mashed
          [minmay_the_grid_triangle_9x9_skeleton,
          minmay_the_grid_triangle_9x9_minimal,
          minmay_the_grid_triangle_9x9_flanged_cone,
          minmay_the_grid_triangle_9x9_corrupted_corridor,
          minmay_the_grid_prize_four_corners_diamond_b], layout_cave_shapes,
          corexii_hall_statues_l, abyss_entry_small_statue_room, hellmouth_1,
          firewood_loft, infiniplex_staircase_pillars_1, uniq_enchantress

Skill      XL: |  1  2  3  4  5  6  7  8  9 10 11 12 13 14 15 16 17 18 19 20 21 22 |
---------------+-------------------------------------------------------------------+-----
Axes           | 4 5 6 7 8 9 10 11 13 14 16 17 19 21 22 23 25 26 27 | 27.0
Fighting       | 4 6 7 9 10 11 13 14 15 16 18 20 22 24 26 27 | 27.0
Shields        | 1 2 4 6 9 12 14 16 17 18 19 20 22 23 24 25 | 25.2
Armour         | 3 5 7 8 10 11 12 14 15 16 17 18 20 21 22 23 | 23.5
Dodging        | |  2.1

Action                     |  1- 3 |  4- 6 |  7- 9 | 10-12 | 13-15 | 16-18 | 19-21 | 22-24 || total
---------------------------+-------+-------+-------+-------+-------+-------+-------+-------++-------
  Melee: Hand axe          |    74 |    85 |   338 |   360 |       |       |       |       ||   857
         Headbutt          |    10 |    12 |    63 |   121 |   237 |   298 |   350 |    93 ||  1184
         Punch             |       |     1 |       |       |       |       |       |       ||     1
         War axe           |       |       |       |   201 |   381 |       |       |       ||   582
         Morningstar       |       |       |       |       |    22 |   113 |       |       ||   135
         Broad axe         |       |       |       |       |   644 |  1045 |  1230 |   296 ||  3215
   Fire: Sling             |    10 |       |       |       |       |       |       |       ||    10
  Throw: Stone             |     6 |    28 |       |       |       |       |       |       ||    34
         Dart              |       |    59 |    49 |     2 |    13 |     7 |     6 |       ||   136
         Boomerang         |       |       |     4 |    11 |       |       |       |       ||    15
 Invoke: Trog's Hand       |       |     2 |    11 |    23 |    29 |    32 |    35 |    10 ||   142
         Berserk           |       |     2 |    10 |    19 |    21 |    24 |    23 |     5 ||   104
  Evoke: Wand              |       |       |     1 |       |       |       |       |       ||     1
    Use: Scroll            |     5 |     1 |     8 |    18 |     8 |     4 |    10 |     5 ||    59
         Potion            |       |       |       |       |     2 |     3 |    10 |     1 ||    16
   Stab: Confused          |       |       |       |       |       |     2 |       |       ||     2
         Distracted        |       |       |       |       |       |       |     1 |     2 ||     3
 Armour: Leather armour    |     2 |       |       |       |       |       |       |       ||     2
         Animal skin       |     1 |       |       |       |       |       |       |       ||     1
         Ring mail         |     5 |    50 |    42 |       |       |       |       |       ||    97
         Chain mail        |       |       |    21 |       |       |       |       |       ||    21
         Plate armour      |       |       |    51 |    24 |       |       |       |       ||    75
         Crystal plate arm |       |       |       |   165 |   540 |   860 |   585 |   151 ||  2301
  Dodge: Dodged            |    57 |   111 |   161 |   249 |   194 |   252 |   177 |    67 ||  1268
  Block: Buckler           |       |       |    48 |   112 |       |       |       |       ||   160
         Reflection        |       |       |       |    24 |    42 |   142 |   135 |     1 ||   344
         Kite shield       |       |       |       |   195 |   860 |    90 |       |       ||  1145
         Tower shield      |       |       |       |       |       |  1457 |  1473 |   399 ||  3329

Table legend: (Time is in decaauts)
 A = Elapsed time spent in this place.
 B = Non-inter-level travel time spent in this place.
 C = Inter-level travel time spent in this place.
 D = Time resting spent in this place.
 E = Time spent auto-exploring this place.
 F = Levels seen in this place.
 G = Mean time per level.
                   A        B        C        D        E       F      G
               +--------+--------+--------+--------+--------+-----+--------+
         Total |  47232 |  42626 |   4606 |   2359 |  31203 |  46 | 1026.8 |
       Dungeon |  15181 |  12662 |   2519 |    115 |   9947 |  15 | 1012.1 |
          Lair |   5816 |   5222 |    594 |      5 |   4206 |   5 | 1163.2 |
         Swamp |   4293 |   4094 |    199 |    703 |   2610 |   4 | 1073.2 |
     Snake Pit |   4985 |   4782 |    203 |    467 |   3399 |   4 | 1246.2 |
  Orcish Mines |   1693 |   1418 |    275 |      2 |   1102 |   2 |  846.5 |
   Elven Halls |   4464 |   4289 |    175 |    602 |   2795 |   3 | 1488.0 |
        Vaults |   6414 |   5882 |    532 |    248 |   4364 |   4 | 1603.5 |
        Depths |   2072 |   1965 |    107 |     34 |   1407 |   3 |  690.7 |
         Abyss |    504 |    504 |      0 |     50 |    216 |   3 |  168.0 |
       Ossuary |    269 |    269 |      0 |    127 |     72 |   1 |  269.0 |
        Bailey |    560 |    560 |      0 |      1 |    344 |   1 |  560.0 |
      Ice Cave |    975 |    975 |      0 |      0 |    737 |   1 |  975.0 |
               +--------+--------+--------+--------+--------+-----+--------+

Top non-repeatable levels by time:
 Snake:4: 1913 daAuts
     D:5: 1838 daAuts
 Swamp:4: 1837 daAuts
   Elf:3: 1691 daAuts
Vaults:3: 1678 daAuts
   Elf:2: 1655 daAuts
Vaults:4: 1651 daAuts
Vaults:1: 1598 daAuts
  Lair:5: 1534 daAuts
Vaults:2: 1486 daAuts
     D:6: 1331 daAuts
    D:12: 1247 daAuts
     D:3: 1239 daAuts
  Lair:4: 1213 daAuts
   Orc:2: 1211 daAuts
